AoeStats
← 啊超

African Clearing

506433440Analyzed
4v4 RM · 18d ago on Sep 13, 2026· 61m 52s· 8 players
Game mode
Random Map
Map size
Large (8 player)
Population
200
Speed
Normal
Resources
Standard
Victory
Conquest
Starting age
Dark Age
Ending age
Imperial Age
RankedLock teamsTeams togetherTeam positionsShared explorationLock speedFull tech treeHidden civsTurbo modeCheats
Victory
Defeat
🇮🇳 Celts · India
1144
+15
🇵🇱 Vietnamese · Poland
1108
+16
🇳🇱 Goths · Netherlands
1089
+17
🇨🇳 Aztecs · China
1060
+18
🇫🇷 Dravidians · France
1206
-19
🇫🇷 Khmer · France
1121
-17
🇫🇷 Ethiopians · France
1120
-17
🇫🇷 Magyars · France
1019
-13
loczekk_95
4:47 Loom
13:52 Feudal Age
15:15 Wheelbarrow
14:29 Double-Bit Axe
15:37 Gold Mining
17:23 Padded Archer Armor
17:39 Stone Mining
20:44 Fletching
21:04 Forging
25:13 Horse Collar
26:51 Scale Mail Armor
30:41 Castle Age
31:38 Hand Cart
31:45 Thumb Ring
31:01 Crossbowman
31:01 Elite Skirmisher
31:54 Bow Saw
34:50 Heavy Plow
40:28 Imperial Age
40:23 Husbandry
40:34 Bloodlines
44:51 Leather Archer Armor
44:20 Imperial Skirmisher
47:58 Ring Archer Armor
48:31 Chemistry
49:28 Scale Barding Armor
49:28 Town Watch
50:43 Chain Mail Armor
51:13 Crop Rotation
51:48 Two-Man Saw
52:32 Stone Shaft Mining
52:45 Bodkin Arrow
52:49 Murder Holes
54:19 Chain Barding Armor
54:39 Chatras
54:49 Chatras
55:24 Paper Money
55:06 Arbalester
56:28 Iron Casting
56:57 Hoardings
57:01 Elite Battle Elephant
58:05 Bracer
58:35 Plate Mail Armor
59:41 Plate Barding Armor
58:51 Sappers
59:41 Elite Rattan Archer
Prnv2592
6:23 Loom
14:06 Feudal Age
18:22 Castle Age
17:47 Scale Mail Armor
18:04 Double-Bit Axe
18:36 Horse Collar
21:20 Bow Saw
25:01 Wheelbarrow
27:52 Sanctity
30:25 Fletching
30:52 Stronghold
32:31 Chain Mail Armor
32:36 Gold Mining
34:31 Bodkin Arrow
38:20 Forging
38:16 Heavy Plow
42:27 Iron Casting
43:00 Town Watch
44:00 Hand Cart
48:25 Imperial Age
47:31 Masonry
47:33 Murder Holes
47:44 Pikeman
48:53 Arson
49:32 Conscription
49:23 Stone Mining
49:27 Heavy Scorpion
51:16 Plate Mail Armor
52:44 Ballistics
54:18 Blast Furnace
54:00 Man-at-Arms
54:25 Gambesons
55:34 Hoardings
58:33 Elite Woad Raider
XXxCoExXX
3:58 Loom
4:39 Loom
15:33 Feudal Age
16:22 Double-Bit Axe
20:45 Castle Age
19:35 Scale Mail Armor
19:40 Stone Mining
21:03 Gold Mining
23:09 Forging
24:30 Fletching
25:42 Bodkin Arrow
26:30 Wheelbarrow
37:08 Horse Collar
38:21 Heavy Plow
44:05 Iron Casting
43:45 Chain Mail Armor
43:34 Squires
44:20 Chain Mail Armor
45:26 Anarchy
45:00 Pikeman
49:26 Hand Cart
52:50 Bow Saw
57:34 Imperial Age
59:38 Blast Furnace
58:00 Elite Huskarl
59:02 Conscription
59:20 Crop Rotation
58:17 Halberdier
60:17 Bracer
62:47 Two-Man Saw
61:56 Perfusion
啊超
13:43 Feudal Age
13:25 Loom
18:52 Castle Age
17:19 Double-Bit Axe
17:58 Man-at-Arms
18:16 Man-at-Arms
20:00 Horse Collar
24:53 Crossbowman
33:23 Imperial Age
30:30 Pikeman
32:13 Arson
32:29 Squires
32:43 Forging
32:35 Scale Mail Armor
33:36 Long Swordsman
34:04 Gambesons
35:28 Two-Handed Swordsman
37:11 Garland Wars
38:25 Champion
41:02 Theocracy
40:35 Capped Ram
41:34 Herbal Medicine
41:46 Siege Ram
41:54 Eagle Warrior
43:14 Devotion
43:42 Illumination
44:20 Iron Casting
44:01 Chain Mail Armor
49:21 Blast Furnace
48:52 Plate Mail Armor
48:16 Gold Mining
48:17 Stone Mining
49:11 Redemption
49:16 Fervor
49:24 Block Printing
52:51 Wheelbarrow
52:19 Heavy Plow
52:31 Bow Saw
51:45 Elite Eagle Warrior
54:44 Gold Shaft Mining
56:43 Conscription
57:01 Elite Jaguar Warrior
Fleysh
15:03 Feudal Age
13:21 Loom
17:25 Double-Bit Axe
21:16 Man-at-Arms
29:06 Wheelbarrow
29:13 Padded Archer Armor
29:04 Fletching
35:17 Castle Age
35:28 Elite Skirmisher
44:08 Bow Saw
44:59 Crossbowman
45:45 Thumb Ring
46:56 Hand Cart
49:37 Long Swordsman
50:40 Leather Archer Armor
50:21 Bodkin Arrow
54:24 Long Swordsman
59:57 Crossbowman
60:43 Thumb Ring
ALM | Borbag Uskada
8:25 Loom
14:47 Feudal Age
18:46 Castle Age
16:34 Double-Bit Axe
17:01 Gold Mining
18:54 Fletching
19:56 Bow Saw
20:19 Bodkin Arrow
21:00 Thumb Ring
20:58 Town Watch
23:11 Husbandry
28:11 Forging
30:27 Iron Casting
34:30 Scale Mail Armor
35:36 Chain Mail Armor
41:31 Wheelbarrow
46:24 Imperial Age
44:01 Squires
46:56 Elite Urumi Swordsman
49:22 Blast Furnace
51:36 Conscription
52:41 Plate Mail Armor
55:35 Onager
56:32 Stone Mining
Nek
7:32 Loom
16:16 Feudal Age
20:32 Double-Bit Axe
22:49 Castle Age
20:34 Horse Collar
25:04 Scale Barding Armor
27:38 Wheelbarrow
29:58 Fletching
34:55 Bloodlines
36:19 Heavy Plow
37:51 Husbandry
43:29 Imperial Age
46:30 Cavalier
47:36 Conscription
48:36 Bodkin Arrow
49:12 Chain Barding Armor
52:51 Bow Saw
52:17 Man-at-Arms
Mcsky
5:33 Loom
12:12 Feudal Age
17:14 Castle Age
15:41 Stone Mining
17:18 Double-Bit Axe
17:28 Horse Collar
28:19 Bow Saw
32:41 Wheelbarrow
33:51 Bloodlines
33:42 Husbandry
33:49 Husbandry
34:20 Heavy Plow
37:25 Gold Mining
37:56 Town Watch
40:58 Imperial Age
40:40 Scale Barding Armor
40:45 Forging
40:20 Light Cavalry
41:53 Hussar
43:45 Chain Barding Armor
44:01 Iron Casting
43:52 Elite Ballista Elephant
45:38 Padded Archer Armor
47:00 Double Crossbow
47:30 Leather Archer Armor
48:34 Gold Shaft Mining
48:13 Fletching
48:40 Hussar
57:29 Conscription
Connection lost

Rejoining the realm…

Still unreachable

The connection could not be restored.

Session expired

The server has moved on; the page needs a fresh start.